 Dungeon Crawl Stone Soup version bcrawl-1.13.2 (webtiles) character file.

Game seed: 15768451794567373824

4001 Felnil the Fighter (level 10, -1/75 HPs)
             Began as a Skeleton Fighter on Aug 11, 2019.
             Was an Elder of Ru.
             Slain by a fire elemental (4 damage)
             ... on level 7 of the Dungeon.
             The game lasted 00:35:45 (9728 turns).

Felnil the Fighter (Skeleton Fighter)               Turns: 9728, Time: 00:35:46

Health: -1/75      AC: 15    Str: 26      XL:     10   Next: 3%
Magic:  0/10       EV:  6    Int:  4 (7)  God:    Ru [****..]
Gold:   513        SH: 11    Dex:  6 (8)  Spells: 9/9 levels left

rFire    . . .     SeeInvis .   m - +1 dagger (freeze)
rCold    x . .     Gourm    .   c - +0 shield
rNeg     + + +     Faith    .   f - +1 plate armour
rPois    ∞         Spirit   +   g - +2 helmet
rElec    .         Reflect  +   (no cloak)
rCorr    .         Harm     .   (no gloves)
MR       +....                  (no boots)
Stlth    ..........             j - +2 amulet of reflection
HPRegen  0.22/turn              o - ring of fire
MPRegen  0.12/turn              (no ring)

@: exhausted, about to teleport
A: no food or potions, cold resistance 1, deterioration 1, negative energy
resistance 3, powered by death 1, torment resistance, unbreathing, magic shield,
no air magic, no necromancy magic, no translocations magic, temperature
sensitive, sturdy frame 2, spell healing
a: Draw Out Power, Power Leap, Renounce Religion


You were on level 7 of the Dungeon.
You worshipped Ru.
Ru was greatly pleased with you.
You were not hungry.

You visited 1 branch of the dungeon, and saw 7 of its levels.

You collected 513 gold pieces.

Inventory:

Hand Weapons
 a - a +0 rapier
 m - a +1 dagger of freezing (weapon)
Armour
 c - a +0 shield (worn)
 f - a +1 plate armour (worn)
 g - a +2 helmet (worn)
Jewellery
 j - a +2 amulet of reflection (around neck)
 o - a ring of fire (left hand)
Wands
 k - a wand of digging (5)
 l - a wand of random effects (16)
Scrolls
 b - 3 scrolls of remove curse
 d - 4 scrolls of identify
 e - a scroll of teleportation
 h - 2 scrolls of magic mapping
 i - 2 scrolls of fog
 n - 4 scrolls of fear


   Skills:
 + Level 14.1 Fighting
 - Level 2.4 Short Blades
 - Level 3.2 Armour
 - Level 3.6 Shields


You had 9 spell levels left.
You didn't know any spells.
Your spell library contained the following spells:

 Spells                   Type           Power        Failure   Level  Hunger
 Infusion                 Chrm           #.......     100%        1    N/A
 Sandblast                Erth           #.....       100%        1    N/A
 Slow                     Hex            #.......     100%        1    N/A
 Summon Butterflies       Summ           #.......     100%        1    N/A
 Apportation              Tloc           Unusable     N/A         1    N/A

Dungeon Overview and Level Annotations

Branches:
Dungeon (7/12)             Temple (0/1) D:7
   Lair: D:7-10

Altars:
Fedhas
Gozag
Ru
Sif Muna
Trog
Zin

Shops:
D:5 %   D:6 =   D:7 (

Annotations:
D:7 1 transporter


Innate Abilities, Weirdness & Mutations

You do not eat or drink.
You are immune to poison.
Your flesh is cold resistant. (rC+)
Your body sometimes deteriorates upon taking damage.
You are immune to negative energy. (rN+++)
You regenerate a little health from kills.
You are immune to unholy pain and torment.
You can survive without breathing.
When hurt, damage is shared between your health and your magic reserves.
You cannot study or cast Air magic.
You cannot study or cast Necromancy magic.
You cannot study or cast Translocations magic.
You are sensitive to extremes of temperature. (rF-, rC-)
Your movements are less encumbered by armour. (ER -4)
Casting spells heals you.


Message History

The fire elemental burns you! The fire elemental hits you.
The fire elemental burns you!
* * * LOW HITPOINT WARNING * * *
You miss the fire elemental.
The fire elemental is heavily damaged.
The fire elemental hits you. The fire elemental burns you!
* * * LOW HITPOINT WARNING * * *
You redirect the fire elemental's attack!
The fire elemental hits itself.
You block the fire elemental's attack.
There is a transporter landing site here.
You see here a hell hound corpse.
You closely miss the fire elemental. You block the fire bat's attack.
The fire elemental hits you. The fire elemental burns you!
* * * LOW HITPOINT WARNING * * *
The fire elemental barely misses you. You block the fire bat's attack.
The fire elemental hits you. The fire elemental burns you!
* * * LOW HITPOINT WARNING * * *
The fire elemental hits you. The fire elemental burns you!
You die...

............#
#.###.###.# ###
............# #.#
#..##.# ...##########
##.####.##'########
...#
#....##.#..........
...#
#.©..##.#..........
...#
#########.#..........
##.#
#°°○○○○○#.#..........
#.#
#○°☼.☼○°#.#..........
#.#
#☼○#@#○☼#.##+########
#÷# #☼○bEE○☼#.##.# #.#
#☼○#°#○○#.##.# #.#
#○°.○.○°#..#.# #.#
####○○○####.#.#### #.#
#..○☼○°°○.#.#....#####
##.#
#.°○°○☼°○°#.#.##......
.#.#
#°°°°☼☼○°°#.#.###.##.#
.#.#
#°.○[$$○°°#...##......


You could see 2 fire elementals and a fire bat.

Vanquished Creatures
  Grinder (D:5)
  A hippogriff (D:6)
  A spriggan (D:7)
  A shadow (D:6)
  Sigmund (D:6)
  A fire bat (D:7)
  2 hungry ghosts
  Menkaure (D:4)
  Edmund (D:4)
  A hell hound (D:7)
  2 orc warriors (D:6)
  3 ogres (D:7)
  2 sky beasts
  A black bear (D:6)
  2 phantoms (D:6)
  A centaur (D:6)
  A big kobold (D:6)
  A gnoll sergeant (D:6)
  A wyvern skeleton (D:7)
  3 scorpions
  Dowan (D:6)
  3 crimson imps
  A quasit (D:7)
  3 bullfrog zombies
  2 jellies (D:5)
  3 hounds
  2 orc priests (D:6)
  3 orc wizards
  2 bullfrog skeletons
  2 iguanas
  2 worker ants
  2 worker ant zombies
  4 gnolls (D:6)
  A howler monkey skeleton (D:4)
  8 adders
  2 shadow imps
  3 oozes
  An adder skeleton (D:5)
  2 worms
  A dart slug (D:1)
  11 leopard geckos
  17 orcs
  7 bats
  4 giant cockroaches
  4 goblins
  10 hobgoblins
  9 jackals
  14 kobolds
  4 quokkas
  2 ball pythons (D:1)
  3 frilled lizards
  A leopard gecko zombie (D:5)
  13 rats
175 creatures vanquished.

Vanquished Creatures (others)
  Duvessa (D:6)
  A phantom (D:7)
  An iguana (D:7)
  A worker ant (D:7)
  An adder skeleton (D:7)
  A leopard gecko (D:5)
  A hobgoblin (D:3)
  A kobold (D:3)
8 creatures vanquished.

Grand Total: 183 creatures vanquished

Notes
Turn   | Place    | Note
-------+----------+-------------------------------------------
     0 | D:1      | Felnil the Skeleton Fighter began the quest for the Orb.
     0 | D:1      | Reached XP level 1. HP: 14/14 MP: 1/1
   129 | D:1      | Reached XP level 2. HP: 1/19 MP: 0/2
   619 | D:1      | Reached skill level 4 in Fighting
  1139 | D:1      | Reached XP level 3. HP: 24/24 MP: 3/3
  1916 | D:2      | Reached XP level 4. HP: 26/30 MP: 4/4
  1931 | D:2      | Reached skill level 5 in Fighting
  2102 | D:2      | Found a sacrificial altar of Ru.
  2154 | D:2      | Became a worshipper of Ru the Awakened
  2682 | D:3      | Found a glowing silver altar of Zin.
  3175 | D:3      | Gained mutation: You are sensitive to extremes of
                  | temperature. (rF-, rC-) [Ru sacrifice]
  3175 | D:3      | Reached * piety under Ru
  3175 | D:3      | Reached ** piety under Ru
  3187 | D:3      | Reached XP level 5. HP: 36/36 MP: 5/5
  3202 | D:3      | Reached skill level 6 in Fighting
  3345 | D:4      | Noticed Edmund
  3384 | D:4      | Killed Edmund
  3384 | D:4      | Gained mutation: You regenerate a little health from kills.
                  | [Skeleton growth]
  3384 | D:4      | Reached XP level 6. HP: 37/42 MP: 6/6
  3524 | D:4      | Reached skill level 7 in Fighting
  3694 | D:4      | Noticed Menkaure
  3704 | D:4      | Killed Menkaure
  4132 | D:5      | Entered Level 5 of the Dungeon
  4146 | D:5      | Reached skill level 8 in Fighting
  4146 | D:5      | Reached XP level 7. HP: 34/49 MP: 5/7
  4316 | D:5      | Noticed a hungry ghost
  4343 | D:5      | Killed a hungry ghost
  4390 | D:5      | Noticed Grinder
  4393 | D:5      | Paralysed by Grinder for 2 turns
  4414 | D:5      | Paralysed by Grinder for 4 turns
  4423 | D:5      | Killed Grinder
  4423 | D:5      | Reached skill level 9 in Fighting
  4691 | D:5      | Reached XP level 8. HP: 53/57 MP: 8/8
  4796 | D:5      | Reached skill level 10 in Fighting
  5177 | D:5      | Found Plog's Food Shop.
  5196 | D:5      | Gained mutation: You cannot study or cast Air magic. [Ru
                  | sacrifice]
  5196 | D:5      | Gained mutation: You cannot study or cast Necromancy magic.
                  | [Ru sacrifice]
  5196 | D:5      | Gained mutation: You cannot study or cast Translocations
                  | magic. [Ru sacrifice]
  5196 | D:5      | Reached *** piety under Ru
  5196 | D:5      | Reached **** piety under Ru
  5569 | D:6      | Noticed Dowan
  5572 | D:6      | Reached skill level 11 in Fighting
  5614 | D:6      | Noticed Duvessa
  5617 | D:6      | Killed Dowan
  5636 | D:6      | Killed Duvessa
  6048 | D:6      | Found a blossoming altar of Fedhas.
  6073 | D:6      | Noticed Sigmund
  6171 | D:6      | Killed Sigmund
  6171 | D:6      | Reached skill level 12 in Fighting
  6171 | D:6      | Reached XP level 9. HP: 65/65 MP: 7/9
  6280 | D:6      | Found Oteuj's Jewellery Emporium.
  6558 | D:6      | Found a deep blue altar of Sif Muna.
  7081 | D:6      | Reached skill level 13 in Fighting
  7446 | D:7      | Found a staircase to the Ecumenical Temple.
  7983 | D:7      | Found a bloodstained altar of Trog.
  7989 | D:7      | Found Ischo Tio's Weapon Emporium.
  8078 | D:7      | Found an opulent altar of Gozag.
  8376 | D:7      | Found a transporter.
  8561 | D:7      | Reached skill level 14 in Fighting
  8662 | D:7      | Found a transporter.
  8839 | D:7      | HP: 3/69 [fire elemental (9)]
  9724 | D:7      | Gained mutation: Your movements are less encumbered by
                  | armour. (ER -4) [Skeleton growth]
  9724 | D:7      | Reached XP level 10. HP: 42/75 MP: 2/10
  9728 | D:7      | HP: 3/75 [fire elemental (8)]
  9728 | D:7      | Slain by a fire elemental

Skill      XL: |  1  2  3  4  5  6  7  8  9 |
---------------+----------------------------+-----
Fighting       | 4 5 6 8 9 12 14 | 14.1
Short Blades   | |  2.4
Armour         | |  3.2
Shields        | |  3.6

Action                   |  1- 3 |  4- 6 |  7- 9 | 10-12 || total
-------------------------+-------+-------+-------+-------++-------
Melee: Rapier            |   162 |   258 |   278 |       ||   698
       Dagger            |       |       |   553 |     2 ||   555
Invok: Sacrifice Resista |       |     1 |       |       ||     1
       Power Leap        |       |       |    15 |       ||    15
       Sacrifice Arcana  |       |       |     1 |       ||     1
Evoke: Wand              |       |       |     1 |       ||     1
  Use: Scroll            |       |     6 |     3 |     1 ||    10
 Stab: Invisible         |       |     2 |       |       ||     2
       Distracted        |       |       |     2 |       ||     2
Armor: Scale mail        |    36 |       |       |       ||    36
       Plate armour      |    50 |    98 |   405 |     8 ||   561
Dodge: Dodged            |    64 |    47 |    97 |     2 ||   210
Block: Shield            |   115 |   138 |   414 |     4 ||   671
       Reflection        |       |     5 |     1 |       ||     6
